 Dungeon Crawl Stone Soup version 0.26.0-10-g1f06aea511 (webtiles) character file.

Game seed: 6748828702914838506

131770 Goblin1989 the Bludgeoner (level 16, -1/144 HPs)
             Began as a Demonspawn Delver on Jan 23, 2021.
             Was an Initiate of Gozag.
             Slain by Arachne
             ... wielding an uncursed staff of poison
              (9 damage)
             ... on level 3 of the Spider Nest.
             The game lasted 01:33:02 (32671 turns).

Goblin1989 the Bludgeoner (Demonspawn Delver)      Turns: 32671, Time: 01:33:03

Health: -1/144     AC: 16    Str: 19 (21) XL:     16   Next: 56%
Magic:  17/17      EV: 21    Int: 11 (13) God:    Gozag
Gold:   1756       SH:  6    Dex: 12 (14) Spells: 15/15 levels left

rFire    + + .     SeeInvis .   l - +6 great mace of Starshine {vorpal, rElec rN+ Will+ Dex-2}
rCold    + + .     Faith    .   (shield currently unavailable)
rNeg     + . .     Spirit   .   B - +5 swamp dragon scales "Qelyirev" {rPois rC+}
rPois    +         Reflect  .   U - +0 helmet
rElec    +         Harm     .   h - +0 cloak
rCorr    .         Rampage  .   Z - +0 pair of gloves of Insatiable Hunger {Str+4}
Will     ++++.                  (boots unavailable)
Stlth    ++........             N - amulet of the acrobat
HPRegen  0.34/turn              Q - +4 ring of evasion
MPRegen  0.15/turn              t - ring "Diles" {*Corrode +Inv rF+ rC+}

@: lethally poisoned (-1 -> -2), corroded, berserk cooldown, slowed, very slow
A: hooves 3, large bone plates 2, fire resistance 1, high mp 1, strong-willed 2,
powered by death 2, robust 1, flame cloud immunity
a: Renounce Religion, Evoke Invisibility, Potion Petition, Call Merchant, Bribe
Branch


You were on level 3 of the Spider Nest.
You worshipped Gozag.
Gozag was most pleased with you.
You visited 5 branches of the dungeon, and saw 27 of its levels.
You also visited: Sewer, Bailey, Gauntlet and Ice Cave.

You collected 9713 gold pieces.
You spent 3348 gold pieces at shops.
You paid 4609 gold pieces to Gozag.

Inventory:

Hand Weapons
 l - the +6 great mace of Starshine (weapon) {vorpal, rElec rN+ Will+ Dex-2}
   (You took it off Rupert on level 6 of the Lair of Beasts)

   It inflicts extra damage upon your enemies.
   It affects your dexterity (-2).
   It insulates you from electricity.
   It protects you from negative energy.
   It affects your willpower, your defense against some magical effects.
 E - a +7 longbow of flaming
Missiles
 A - 4 curare-tipped darts
 H - 434 arrows
 L - 12 javelins {@Q2}
 V - 5 silver boomerangs
 X - 6 silver javelins {@Q2}
 Y - 42 poisoned darts (quivered)
Armour
 h - a +0 cloak (worn)
 B - the +5 swamp dragon scales "Qelyirev" (worn) {rPois rC+}
   (You bought it in a shop on level 2 of the Spider Nest)

   It protects you from cold.
   It protects you from poison.
 D - the +0 ring mail of Indecent Exposure {Int+4 SInv}
   (You found it on level 4 of the Lair of Beasts)

   It affects your intelligence (+4).
   It lets you see invisible.
 F - the +1 plate armour of the Old World {+Inv rCorr Str-5 Dex+4}
   (You found it on level 13 of the Dungeon)

   It affects your strength (-5).
   It affects your dexterity (+4).
   It lets you turn invisible.
   It provides partial protection from all sources of acid and corrosion.
 K - +0 fire dragon scales
 U - a +0 helmet (worn)
 Z - the +0 pair of gloves of Insatiable Hunger (worn) {Str+4}
   (You found it in an ice cave)

   It affects your strength (+4).
Jewellery
 b - an uncursed ring of fire {unknown}
 c - an uncursed ring of protection from cold
 g - an uncursed ring of resist corrosion
 o - an uncursed ring of poison resistance
 t - the ring "Diles" (right hand) {*Corrode +Inv rF+ rC+}
   (You found it in a Gauntlet)

   [ring of protection from fire]

   It protects you from fire.
   It protects you from cold.
   It lets you turn invisible.
   It may corrode you when you take damage.
 w - the ring of Yposyala {Will+ MP+9 Int+8}
   (You found it on level 4 of the Lair of Beasts)

   [ring of magical power]

   It affects your intelligence (+8).
   It affects your willpower, your defense against some magical effects.
   It affects your magic capacity (+9).
 N - an amulet of the acrobat (around neck)
 Q - a +4 ring of evasion (left hand)
Wands
 u - a wand of digging (8) {@v1}
 C - a wand of iceblast (26) {@v4}
 G - a wand of acid (19) {@v2}
 J - a wand of paralysis (7) {@v7}
 O - a wand of flame (11) {@v6}
Scrolls
 e - a scroll of noise {unknown}
 n - a scroll of summoning
 p - 10 scrolls of remove curse {@r3}
 s - 7 scrolls of immolation
 x - 4 scrolls of enchant armour
 y - 5 scrolls of fog
 z - a scroll of brand weapon {unknown}
 I - a scroll of acquirement {unknown}
 M - 8 scrolls of magic mapping
 P - a scroll of silence
 R - 19 scrolls of identify {@r1}
 T - 15 scrolls of teleportation {!r, @r2}
 W - a scroll of enchant weapon
Potions
 a - a potion of berserk rage
 d - 2 potions of cancellation
 f - 5 potions of haste {@q3,}
 i - a potion of lignification
 j - 7 potions of flight
 k - 15 potions of curing {@q1}
 q - 3 potions of resistance
 r - 3 potions of mutation {!q}
 v - a potion of magic
Miscellaneous
 m - a phial of floods
 S - a condenser vane


   Skills:
 + Level 13.3 Fighting
 * Level 15.3(15.5) Maces & Flails
 - Level 4.7(11.2) Staves
 + Level 4.7 Bows
 - Level 2.0 Throwing
 + Level 12.2 Armour
 + Level 12.2 Dodging
 - Level 4.5 Stealth
 - Level 4.0 Shields
 - Level 6.0 Evocations


You had 15 spell levels left.
You didn't know any spells.
Your spell library contained the following spells:

 Spells                   Type           Power        Failure   Level
 Corona                   Hex            0%           47%         1
 Freeze                   Ice            0%           47%         1
 Sandblast                Erth           0%           47%         1
 Summon Small Mammal      Summ           0%           47%         1
 Call Imp                 Summ           0%           63%         2
 Corpse Rot               Necr/Air       N/A          63%         2
 Passwall                 Tmut/Erth      0%           63%         2
 Poisonous Vapours        Pois/Air       0%           63%         2
 Slow                     Hex            0%           63%         2
 Sublimation of Blood     Necr           0%           63%         2
 Call Canine Familiar     Summ           0%           85%         3
 Confusing Touch          Hex            0%           85%         3
 Conjure Flame            Conj/Fire      0%           85%         3
 Frozen Ramparts          Ice            0%           85%         3
 Gell's Gravitas          Tloc           0%           85%         3
 Inner Flame              Hex/Fire       0%           85%         3
 Mephitic Cloud           Conj/Pois/Air  0%           85%         3
 Ozocubu's Armour         Ice            0%           85%         3
 Portal Projectile        Hex/Tloc       0%           85%         3
 Stone Arrow              Conj/Erth      0%           85%         3
 Summon Guardian Golem    Hex/Summ       0%           85%         3
 Cause Fear               Hex            0%           99%         4
 Dispel Undead            Necr           0%           99%         4
 Hailstorm                Conj/Ice       0%           99%         4
 Leda's Liquefaction      Hex/Erth       0%           99%         4
 Petrify                  Tmut/Erth      0%           99%         4
 Summon Ice Beast         Ice/Summ       0%           99%         4
 Summon Lightning Spire   Summ/Air       0%           99%         4
 Agony                    Necr           0%           100%        5
 Excruciating Wounds      Necr           0%           100%        5
 Irradiate                Conj/Tmut      0%           100%        5
 Lee's Rapid Deconstruct  Erth           0%           100%        5
 Metabolic Englaciation   Hex/Ice        0%           100%        5
 Yara's Violent Unravell  Hex/Tmut       0%           100%        5
 Freezing Cloud           Conj/Ice/Air   0%           100%        6
 Hydra Form               Tmut           0%           100%        6
 Statue Form              Tmut/Erth      0%           100%        6
 Dragon Form              Tmut           0%           100%        7


Dungeon Overview and Level Annotations

Branches:
Dungeon (15/15)            Temple (1/1) D:4            Lair (6/6) D:11
  Swamp (0/4) Lair:3       Spider (3/4) Lair:2        Slime (0/5) Lair:5
    Orc (2/2) D:12            Elf (0/3) Orc:2        Vaults (0/5) D:13
 Depths (0/5) D:15          Sewer (visited)          Bailey (visited)
  IceCv (visited)         Gauntlet (visited)

Altars:
Ashenzari
Cheibriados
Dithmenos
Elyvilon
Fedhas
Gozag
Hepliaklqana
Kikubaaqudgha
Makhleb
Nemelex Xobeh
Okawaru
Qazlal
Ru
Sif Muna
Trog
Uskayaw
Vehumet
Wu Jian
Xom
Yredelemnul
Zin
The Shining One
Beogh
Jiyva

Shops:
Orc:1 !   Orc:2 [(*:   Spider:2 [

Annotations:
Lair:4 3 runed translucent doors, Vufrucs's ghost, journeyman DrTm
Spider:3 Arachne


Innate Abilities, Weirdness & Mutations

You have hooves in place of feet.
You are mostly covered in large bone plates. (SH +6)
Your flesh is heat resistant. (rF+)
You regenerate health from kills.
You are robust. (+10% HP)
You are immune to clouds of flame.
You have an increased reservoir of magic. (+10% MP)
You are highly strong-willed. (Will++)


Message History

You sock Arachne! You kick Arachne!
Arachne is moderately wounded.
Arachne's staff shoots out a stream of webbing.
The stream of webbing misses you.
You sock Arachne!
Arachne is moderately wounded.
You feel sick.
Arachne says, "Come to my web."
Arachne misses you.
You bludgeon Arachne!! You kick Arachne, but do no damage.
Arachne is heavily wounded.
Arachne hits you with an uncursed staff of poison.
* * * LOW HITPOINT WARNING * * *
Arachne envenoms you.
* * * LOW HITPOINT WARNING * * *
You are more poisoned.
You take 7 damage, and have 65/216 hp.
You hit Arachne. Your kick misses Arachne.
Arachne is heavily wounded.
You feel sick.
You take 1 damage, and have 64/216 hp.
You sock Arachne!
Arachne is heavily wounded.
Arachne says, "Come to my web."
Arachne completely misses you.
You bludgeon Arachne!! Your kick misses Arachne.
Arachne is severely wounded.
Arachne hits you with an uncursed staff of poison!
* * * LOW HITPOINT WARNING * * *
Arachne envenoms you.
* * * LOW HITPOINT WARNING * * *
You take 19 damage, and have 46/216 hp.
You hit Arachne. Your kick misses Arachne.
Arachne is severely wounded.
You feel sick.
The orb spider becomes distracted by the nearby gold, dreaming of imaginary riches.
Arachne says, "Come closer, little fly."
Arachne mumbles some strange words.
Arachne blinks!
The orb spider hisses angrily.
You take 1 damage, and have 45/216 hp.
You see here 15 gold pieces.
You feel a strong urge to attack something.
You feel sick.
The orb spider is no longer distracted by gold.
Arachne closely misses you.
You sock Arachne!
Arachne is almost dead.
Arachne barely misses you.
You barely miss Arachne.
Arachne is severely wounded.
You sock Arachne!
Arachne is almost dead.
You feel sick.
Arachne points her staff at you, shooting a stream of webbing.
The stream of webbing hits you but does no damage.
You are caught in a web!
Arachne mumbles some strange words.
Arachne blinks!
The web tears apart.
You are no longer berserk.
You are exhausted.
You feel yourself slow down.
Arachne casts a spell.
Arachne blinks!
You now have 30/144 hp.
You feel sick.
Arachne mumbles some strange words.
Arachne blinks!
You see here 15 gold pieces.
You take 1 damage, and have 29/144 hp.
Arachne's staff shoots out a stream of webbing.
The stream of webbing misses you.
You are no longer corroded.
You feel sick.
You take 1 damage, and have 29/144 hp.
Evoke which item? (* to show all) (? for menu, Esc to quit)
Aiming: Paralyse
Press: ? - help, Shift-Dir - straight line, f - Arachne
Aim: Arachne, wielding a staff of poison (almost dead, chance to affect: 29%)
Okay, then.
Evoke which item? (* to show all) (? for menu, Esc to quit)
Aiming: Iceblast
Press: ? - help, Shift-Dir - straight line, f - Arachne
Aim: Arachne, wielding a staff of poison (almost dead)
The mass of ice explodes!
The iceblast engulfs Arachne!!
Arachne is almost dead.
The iceblast engulfs the orb spider!!
The orb spider is heavily wounded.
You feel sick.
You hear a shout!
Arachne hits you but does no damage. Arachne envenoms you!
* * * LOW HITPOINT WARNING * * *
Your corrosive artefact corrodes you!
You are more poisoned.
Arachne hits you with an uncursed staff of poison!
* * * LOW HITPOINT WARNING * * *
Arachne envenoms you!
You die...
Your body crumbles into a pile of gold.

██≈≈........█≈██
.█..^.███≈██.≈█
...... █.....██
.....≈ █..^...█
^..█≈██≈.^...█
████≈.█...████
█.....█. ██
█.H..█≈█..███
█...██@....≈█
██..s$H...█.██
██....█████≈█
█...███ ≈█
........$██
....§....^█
^......^███
.........
..█^.....


You could see Arachne and an orb spider (charged).

Vanquished Creatures
  Rupert (Lair:6)
  Gastronok (Lair:2)
  2 ghost moths (Spider:2)
  2 orc warlords (Orc:2)
  A very ugly thing (D:11)
  An emperor scorpion (Spider:1)
  A stone giant (Orc:1)
  A dire elephant (Lair:6)
  Nessos (Lair:4)
  A minotaur (Gauntlet)
  An entropy weaver (Spider:2)
  An ettin (D:12)
  3 vault guards (D:13)
  2 rakshasas (D:15)
  2 catoblepae
  3 hydras
  3 centaur warriors
  5 two-headed ogres
  7 death yaks
  A queen ant (D:11)
  A death scarab (Gauntlet)
  An orc high priest (Orc:2)
  A deep troll shaman (Lair:6)
  Nergalle (Orc:2)
  A soul eater (Gauntlet)
  Sonja (Lair:3)
  5 skeletal warriors (D:14)
  2 unseen horrors
  2 wizards (D:11)
  A glowing orange brain (D:15)
  Pikel (D:9)
  A lindwurm (Lair:4)
  A wolf spider zombie (D:15)
  A spectral hydra (Gauntlet)
  9 orb spiders
  21 wolf spiders
  A necromancer (IceCv)
  5 orc knights
  An orc sorcerer (Orc:2)
  4 deep elf magi
  11 ugly things
  A manticore (shapeshifter) (D:15)
  2 manticores
  4 cyclopes
  A moth of wrath (Spider:2)
  2 torpor snails
  3 elephants (Lair:6)
  5 cane toads
  6 black mambas
  An ice statue (IceCv)
  A rime drake (Lair:6)
  10 demonic crawlers
  11 komodo dragons
  23 jumping spiders
  10 freezing wraiths (IceCv)
  A tyrant leech (Lair:3)
  3 polar bears
  9 trolls
  2 hornets
  7 slime creatures
  9 blink frogs
  A vampire (D:13)
  2 shadows (D:15)
  33 redbacks
  4 wraiths
  58 yaks
  14 tarantellas
  A wyvern (shapeshifter) (D:15)
  7 wyverns
  8 humans (D:13)
  3 basilisks
  A death yak simulacrum (IceCv)
  A steam dragon (Lair:2)
  3 wargs (Orc:2)
  3 soldier ants (D:11)
  2 swamp worms (Lair:3)
  4 acid dragons
  A floating eye (shapeshifter) (D:15)
  6 water moccasins
  2 phantoms
  8 black bears
  45 orc warriors
  6 sky beasts
  9 ice beasts
  12 ogres
  13 wolves
  An ogre (shapeshifter) (D:15)
  7 centaurs
  A lemure (D:9)
  2 big kobolds
  Blork the orc (Orc:2)
  28 bullfrogs
  A wyvern zombie (D:11)
  A gnoll sergeant (D:10)
  3 scorpions
  12 killer bees
  A swamp dragon simulacrum (IceCv)
  20 wights
  3 howler monkeys (D:10)
  3 electric eels (Spider:1)
  4 bullfrog zombies
  3 draconian simulacra (IceCv)
  6 centaur zombies
  3 hounds
  A jelly (D:7)
  2 bullfrog skeletons (D:4)
  2 quasits
  Crazy Yiuf (D:5)
  22 orc priests
  2 centaur skeletons
  25 orc wizards
  5 iguanas
  Terence (D:2)
  31 worker ants
  9 troll simulacra (IceCv)
  A polar bear simulacrum (IceCv)
  A wolf simulacrum (IceCv)
  2 centaur simulacra
  2 worker ant zombies
  14 gnolls
  A howler monkey zombie (D:10)
  5 naga simulacra (IceCv)
  2 ogre simulacra (IceCv)
  3 river rats (D:3)
  14 adders
  4 shadow imps
  17 white imps
  An ufetubus (D:6)
  2 oozes (D:2)
  4 adder skeletons
  An adder zombie (D:8)
  3 worms (D:3)
  3 dart slugs
  4 leopard geckos
  86 orcs
  11 bats
  2 giant cockroaches
  9 goblins
  8 hobgoblins
  13 jackals
  3 quokkas
  6 ball pythons
  5 frilled lizards
  14 kobolds
  A quokka skeleton (D:5)
  8 rats
  A bush (Lair:6)
922 creatures vanquished.

Vanquished Creatures (others)
  A human (D:13)
  2 orcs (D:12)
  A kobold (D:12)
  A bush (Lair:2)
  56 fungi
  58 plants
119 creatures vanquished.

Grand Total: 1041 creatures vanquished

Notes
Turn   | Place    | Note
-------+----------+-------------------------------------------
     0 | D:5      | Goblin1989 the Demonspawn Delver began the quest for the
                  | Orb.
     0 | D:5      | Reached XP level 1. HP: 18/18 MP: 1/1
    11 | D:4      | Reached skill level 2 in Maces & Flails
    86 | D:3      | Gained mutation: You have large cloven feet. [demonic
                  | ancestry]
    86 | D:3      | Reached XP level 2. HP: 23/24 MP: 2/2
   142 | D:3      | Reached skill level 3 in Maces & Flails
   145 | D:3      | Reached XP level 3. HP: 24/29 MP: 3/3
   354 | D:3      | Found a glowing drain.
   380 | Sewer    | Entered a sewer
   643 | Sewer    | Noticed Purgy
   883 | D:2      | Reached skill level 4 in Maces & Flails
   883 | D:2      | Gained mutation: You are partially covered in large bone
                  | plates. (SH +4) [demonic ancestry]
   883 | D:2      | Reached XP level 4. HP: 35/35 MP: 4/4
  2334 | D:2      | Reached skill level 1 in Throwing
  2396 | D:2      | Gained mutation: You have hoof-like feet. [demonic
                  | ancestry]
  2396 | D:2      | Reached XP level 5. HP: 41/41 MP: 5/5
  2608 | D:2      | Noticed Terence
  2620 | D:2      | Killed Terence
  2621 | D:2      | Reached skill level 5 in Maces & Flails
  3636 | D:4      | Reached XP level 6. HP: 30/47 MP: 6/6
  3956 | D:4      | Got a masterwork war axe
  3958 | D:4      | Found a staircase to the Ecumenical Temple.
  3998 | Temple   | Entered the Ecumenical Temple
  4077 | Temple   | Became a worshipper of Gozag Ym Sagoz the Greedy
  4229 | D:4      | Reached skill level 6 in Maces & Flails
  4416 | D:4      | Gained mutation: You are mostly covered in large bone
                  | plates. (SH +6) [demonic ancestry]
  4416 | D:4      | Reached XP level 7. HP: 35/52 MP: 7/7
  4607 | D:5      | Got a bronze leather armour
  4773 | D:5      | Found a radiant altar of Vehumet.
  4802 | D:5      | Found a runed translucent door.
  4803 | D:5      | Noticed Crazy Yiuf
  4937 | D:5      | Identified the cursed +1 leather armour of the Maze {Harm
                  | rPois Str-4} (You found it on level 5 of the Dungeon)
  4951 | D:5      | Gained mutation: You evolve. [potion of mutation]
  4951 | D:5      | Gained mutation: You are strong-willed. (Will+) [potion of
                  | mutation]
  4955 | D:5      | Killed Crazy Yiuf
  4961 | D:5      | Got a crude mace
  4962 | D:5      | Identified the +10 mace of Greatest Utility {elec, Int+4}
                  | (You found it on level 5 of the Dungeon)
  5073 | D:5      | Reached skill level 7 in Maces & Flails
  5394 | D:6      | Reached skill level 8 in Maces & Flails
  5532 | D:6      | Reached XP level 8. HP: 58/58 MP: 8/8
  5578 | D:6      | Reached skill level 1 in Armour
  5578 | D:6      | Reached skill level 1 in Evocations
  5610 | D:6      | Found a sacrificial altar of Ru.
  5828 | D:6      | Gained mutation: You are highly strong-willed. (Will++)
                  | [evolution]
  6433 | D:7      | Gained mutation: Your flesh is heat resistant. (rF+)
                  | [demonic ancestry]
  6433 | D:7      | Reached XP level 9. HP: 67/67 MP: 9/9
  6477 | D:7      | Noticed a troll
  6484 | D:7      | Killed a troll
  6485 | D:7      | Reached skill level 5 in Fighting
  7182 | D:8      | Reached skill level 9 in Maces & Flails
  7376 | D:8      | Found Mumod's Distillery.
  7385 | D:8      | Bought a potion of degeneration for 14 gold pieces
  7777 | D:9      | Noticed a two-headed ogre
  7782 | D:9      | Killed a two-headed ogre
  7789 | D:9      | Reached skill level 5 in Dodging
  7825 | D:9      | Noticed a troll
  7860 | D:9      | Killed a troll
  7940 | D:9      | Noticed a two-headed ogre
  7947 | D:9      | Killed a two-headed ogre
  7948 | D:9      | Reached skill level 5 in Armour
  7948 | D:9      | Gained mutation: You have hooves in place of feet. [demonic
                  | ancestry]
  7948 | D:9      | Reached XP level 10. HP: 53/77 MP: 10/10
  8912 | D:9      | Gained mutation: You have an increased reservoir of magic.
                  | (+10% MP) [evolution]
  8912 | D:9      | Lost mutation: You evolve. [end of evolution]
  8976 | D:9      | Noticed Pikel
  9003 | D:9      | Killed Pikel
  9161 | D:10     | Entered Level 10 of the Dungeon
  9341 | D:10     | Found a blossoming altar of Fedhas.
  9690 | D:10     | Paralysed by a hornet for 2 turns
  9777 | D:10     | Reached skill level 10 in Maces & Flails
 10143 | D:11     | Found a staircase to the Lair.
 10171 | D:11     | Reached XP level 11. HP: 84/84 MP: 12/12
 10255 | D:11     | Noticed a brown ugly thing
 10264 | D:11     | Killed a brown ugly thing
 11024 | D:11     | Noticed a green ugly thing
 11024 | D:11     | Noticed a green ugly thing
 11026 | D:11     | Noticed a brown ugly thing
 11050 | D:11     | Killed a brown ugly thing
 11051 | D:11     | Killed a white ugly thing
 11057 | D:11     | Noticed a red ugly thing
 11058 | D:11     | Killed a cyan ugly thing
 11059 | D:11     | Noticed a brown ugly thing
 11063 | D:11     | Killed a red ugly thing
 11063 | D:11     | Noticed a brown ugly thing
 11070 | D:11     | Killed a red ugly thing
 11077 | D:11     | Killed a brown ugly thing
 11174 | D:11     | Noticed a wizard
 11175 | D:11     | Noticed a cyan very ugly thing
 11190 | D:11     | Killed a cyan very ugly thing
 11191 | D:11     | Reached skill level 11 in Maces & Flails
 11192 | D:11     | Killed a wizard
 11210 | D:11     | Got a brightly glowing great sword
 11217 | D:11     | Identified the +8 great sword "Nifroxi" {freeze, *Drain
                  | Dex+5 Stlth+} (You found it on level 11 of the Dungeon)
 11254 | D:11     | Noticed a wizard
 11259 | D:11     | Killed a wizard
 11260 | D:11     | Gained mutation: You are immune to clouds of flame.
                  | [demonic ancestry]
 11260 | D:11     | Reached XP level 12. HP: 58/83 MP: 13/13
 11368 | D:11     | Noticed a queen ant
 11376 | D:11     | Killed a queen ant
 11401 | D:11     | Reached skill level 1 in Shields
 11667 | Lair:1   | Entered Level 1 of the Lair of Beasts
 12126 | Lair:1   | You fall into a shaft and drop 1 floor!
 12473 | Lair:2   | Noticed Gastronok
 12565 | Lair:2   | Killed Gastronok
 12752 | Lair:2   | Reached skill level 10 in Fighting
 12812 | Lair:2   | Found a hole to the Spider Nest.
 13511 | Lair:3   | Noticed Sonja
 13517 | Lair:3   | Killed Sonja
 13885 | Lair:3   | Noticed a four-headed hydra
 13894 | Lair:3   | Killed a four-headed hydra
 13895 | Lair:3   | Reached XP level 13. HP: 80/103 MP: 14/14
 14138 | Lair:3   | Found a staircase to the Swamp.
 14414 | Lair:4   | Noticed Nessos
 14487 | Lair:4   | Got a pitted pewter ring
 14498 | Lair:3   | Identified the ring of Yposyala {Will+ MP+9 Int+8} (You
                  | found it on level 4 of the Lair of Beasts)
 14803 | Lair:4   | Killed Nessos
 14825 | Lair:4   | Found a runed translucent gate.
 14829 | Lair:4   | Found a runed translucent gate.
 14829 | Lair:4   | Found a runed translucent gate.
 14830 | Lair:4   | Noticed Vufrucs's ghost (journeyman DrTm)
 15026 | Lair:4   | Reached skill level 12 in Maces & Flails
 15049 | Lair:4   | Got a polished ring mail
 15060 | Lair:4   | Identified the cursed +0 ring mail of Indecent Exposure
                  | {Int+4 SInv} (You found it on level 4 of the Lair of
                  | Beasts)
 16110 | Lair:5   | Found a staircase to the Slime Pits.
 16110 | Lair:5   | Found a viscous altar of Jiyva.
 17020 | Lair:6   | Entered Level 6 of the Lair of Beasts
 17104 | Lair:6   | Reached skill level 10 in Dodging
 17341 | Lair:6   | Reached skill level 10 in Armour
 17812 | Lair:6   | Identified the +6 great mace of Starshine {vorpal, rElec
                  | rN+ Will+ Dex-2}
 17812 | Lair:6   | Noticed Rupert
 17850 | Lair:6   | Killed Rupert
 17851 | Lair:6   | Gained mutation: You regenerate a little health from kills.
                  | [demonic ancestry]
 17851 | Lair:6   | Reached XP level 14. HP: 99/113 MP: 15/15
 19303 | D:12     | Found a frozen archway.
 19306 | IceCv    | Entered an ice cave
 19408 | IceCv    | Reached skill level 13 in Maces & Flails
 19579 | IceCv    | Got a fine glass ring
 19581 | IceCv    | Identified the ring of Istreh {Ice Dex+5} (You found it in
                  | an ice cave)
 19592 | IceCv    | Got a pair of pitted gloves
 19603 | IceCv    | Identified the +0 pair of gloves of Insatiable Hunger
                  | {Str+4} (You found it in an ice cave)
 19652 | IceCv    | Found an ancient bone altar of Kikubaaqudgha.
 19903 | D:12     | Found a flagged portal.
 19911 | Bailey   | Entered a bailey
 20942 | D:12     | Found a staircase to the Orcish Mines.
 20992 | Orc:1    | Entered Level 1 of the Orcish Mines
 21032 | D:12     | Reached skill level 1 in Staves
 21321 | Orc:1    | Found Xilyos's Distillery.
 21445 | Orc:1    | Noticed a stone giant
 21455 | Orc:1    | Killed a stone giant
 21762 | Orc:2    | Entered Level 2 of the Orcish Mines
 21888 | Orc:2    | Found a staircase to the Elven Halls.
 22155 | Orc:2    | Noticed an orc warlord
 22161 | Orc:2    | Noticed an orc warlord
 22213 | Orc:2    | Killed an orc warlord
 22757 | Orc:2    | Killed an orc warlord
 22758 | Orc:2    | Reached skill level 5 in Evocations
 22794 | Orc:2    | Found a roughly hewn altar of Beogh.
 22796 | Orc:2    | Noticed Blork the orc
 22796 | Orc:2    | Noticed Nergalle
 22802 | Orc:2    | Killed Blork the orc
 22808 | Orc:2    | Killed Nergalle
 22809 | Orc:2    | Found Riameix's Book Emporium.
 22975 | Orc:2    | Found Wetum's General Store.
 23200 | Orc:2    | Found Zaymp's Antique Weapon Emporium.
 23211 | Orc:2    | Found Racrubo's Antique Armour Emporium.
 23415 | Orc:2    | Bought a transparent chain mail for 323 gold pieces
 23425 | Orc:2    | Identified the cursed +1 chain mail of Kleptomania {Rampage
                  | rC+ Str-4 Dex+4} (You bought it in a shop on level 2 of the
                  | Orcish Mines)
 23542 | Orc:2    | Bought an uncursed ring of poison resistance for 240 gold
                  | pieces
 24584 | D:13     | Gained mutation: You regenerate health from kills. [demonic
                  | ancestry]
 24584 | D:13     | Reached XP level 15. HP: 115/121 MP: 16/16
 25117 | D:13     | Reached skill level 14 in Maces & Flails
 25139 | D:13     | Got a fine plate armour
 25143 | D:13     | Found a gate to the Vaults.
 26433 | D:15     | Entered Level 15 of the Dungeon
 26559 | D:15     | Found a gate leading to a gauntlet.
 26563 | Gauntlet | Entered a Gauntlet
 26563 | Gauntlet | Found a transporter.
 26563 | Gauntlet | Found a transporter.
 26563 | Gauntlet | Found a transporter.
 26573 | Gauntlet | Found a transporter.
 26576 | Gauntlet | Found a transporter.
 26584 | Gauntlet | Found a transporter.
 26587 | Gauntlet | Found a transporter.
 26598 | Gauntlet | Found a transporter.
 26610 | Gauntlet | Found a transporter.
 26632 | Gauntlet | Found a transporter.
 26633 | Gauntlet | Found a transporter.
 26643 | Gauntlet | Found a transporter.
 26806 | Gauntlet | Got a pitted silver ring
 26824 | Gauntlet | Identified the +1 plate armour of the Old World {+Inv rCorr
                  | Str-5 Dex+4} (You found it on level 13 of the Dungeon)
 26835 | Gauntlet | Identified the ring "Diles" {*Corrode +Inv rF+ rC+} (You
                  | found it in a Gauntlet)
 28351 | D:15     | Found a staircase to the Depths.
 28989 | Orc:2    | Bought a potion of heal wounds for 60 gold pieces
 29158 | D:8      | Bought a potion of heal wounds for 70 gold pieces
 29158 | D:8      | Bought a potion of mutation for 112 gold pieces
 29158 | D:8      | Bought a potion of curing for 42 gold pieces
 29158 | D:8      | Bought a potion of flight for 42 gold pieces
 29158 | D:8      | Bought a potion of heal wounds for 70 gold pieces
 29158 | D:8      | Bought a potion of curing for 42 gold pieces
 29158 | D:8      | Bought a potion of curing for 42 gold pieces
 29158 | D:8      | Bought a potion of curing for 42 gold pieces
 29158 | D:8      | Bought a potion of curing for 42 gold pieces
 29158 | D:8      | Bought 2 potions of haste for 280 gold pieces
 29158 | D:8      | Bought a potion of magic for 112 gold pieces
 29313 | Spider:1 | Entered Level 1 of the Spider Nest
 29419 | Spider:1 | Reached skill level 1 in Bows
 30611 | Spider:1 | Gained mutation: You are robust. (+10% HP) [demonic
                  | ancestry]
 30611 | Spider:1 | Reached XP level 16. HP: 91/141 MP: 17/17
 31008 | Spider:2 | Reached skill level 15 in Maces & Flails
 31748 | Spider:2 | Bought heavily runed swamp dragon scales for 1815 gold
                  | pieces
 31759 | Spider:2 | Identified the +5 swamp dragon scales "Qelyirev" {rPois
                  | rC+} (You bought it in a shop on level 2 of the Spider
                  | Nest)
 32623 | Spider:3 | Noticed Arachne
 32671 | Spider:3 | Slain by Arachne

Illustrated notes

Levels and vault maps discovered:
D:1:      ebering_hopf_link, layout_loops_ring, serial_bayou,
          serial_bayou_lake_a, serial_bayou_pond_e, serial_bayou_shore_b,
          serial_bayou_pond_c, minmay_distorted
D:2:      layout_basic, uniq_terence
D:3:      layout_rooms, portal_sewer_entry_e, minmay_stone_trees_small
D:4:      layout_loops_ring, minmay_temple_entry_arrows, roderic_filled_cross
D:5:      layout_cave_pods, vehumet_crystals, serial_glass, glass_columns_c,
          glass_columns_a, glass_columns_a, glass_columns_a, glass_columns_a,
          glass_columns_c, glass_columns_a, glass_columns_c, glass_columns_b,
          glass_columns_c, glass_columns_c, glass_columns_b, glass_columns_b,
          glass_columns_b, minmay_holes, uniq_crazy_yiuf_cottage
D:6:      layout_cave_pools, lemuel_statue_altar
D:7:      layout_basic, palyth_stone_intersect
D:8:      layout_cave_pools, serial_shops, nicolae_shop_trees
D:9:      layout_irregular_city, uniq_pikel
D:10:     layout_irregular_city, minmay_ruined_shrine
D:11:     cheibrodos_breeding_chamber, layout_basic,
          due_lair_maze_entry_diamond, minmay_another_anthill
D:12:     layout_basic, orc_0_dummy, enter_bailey_1,
          portal_ice_cave_entry_pillars_1, minmay_misc_feat_room, minivault_21
D:13:     layout_irregular_city, ximxim_vaults_locker_room
D:14:     layout_basic, minivault_26
D:15:     gammafunk_enter_depths_forms, layout_loops_corners,
          gauntlet_entry_generic, kennysheep_pointless_box, grunt_tough_drop
Temple:   grunt_wide_crystal_templ
Lair:1:   layout_layer_cave
Lair:2:   layout_chaotic_city, spider_nest_entry_rubble, lemuel_fruit_fields,
          uniq_gastronok
Lair:3:   layout_regular_city, minmay_swamp_entry_worms, uniq_sonja
Lair:4:   layout_layer_cave, gammafunk_ghost_necromancy, lemuel_fruit_tree,
          uniq_nessos
Lair:5:   layout_roguey, slime_altar_1
Lair:6:   grunt_lair_end_beastmaster, layout_small_grid,
          chequers_serial_rivers_room_a, st_stairs_11, uniq_rupert
Spider:1: layout_spider_delve
Spider:2: layout_spider_delve
Spider:3: layout_spider_delve, uniq_louise, uniq_azrael, uniq_arachne
Orc:1:    layout_caves, serial_shops, nicolae_shop_behind_doors,
          nicolae_orc_stony_grotto
Orc:2:    grunt_orc_cross, layout_caves, nicolae_orc_pool_cavern

Skill      XL: |  1  2  3  4  5  6  7  8  9 10 11 12 13 14 15 16 |
---------------+-------------------------------------------------+-----
Maces & Flails | 2 3 4 5 6 8 9 10 11 12 13 14 15 | 15.3
Throwing       | 1 2 |  2.0
Dodging        | 2 3 5 6 8 9 10 11 12 | 12.2
Armour         | 3 5 6 7 9 10 11 12 | 12.2
Evocations     | 2 3 4 5 6 |  6.0
Fighting       | 4 6 7 9 10 11 12 13 | 13.3
Shields        | 4 |  4.0
Staves         | 2 4 |  4.7
Bows           | 2 4 |  4.7
Stealth        | |  4.5

Action                   |  1- 3 |  4- 6 |  7- 9 | 10-12 | 13-15 | 16-18 || total
-------------------------+-------+-------+-------+-------+-------+-------++-------
Melee: Mace              |    83 |   243 |   237 |   539 |   317 |       ||  1419
       Kick              |    18 |    53 |    50 |   154 |   426 |   117 ||   818
       Great mace        |       |       |       |       |  1125 |   355 ||  1480
Throw: Dart              |       |    51 |       |    29 |       |       ||    80
       Javelin           |       |    11 |       |     6 |       |       ||    17
       Stone             |       |     3 |       |     3 |       |       ||     6
Invok: Potion Petition   |       |       |       |     3 |     6 |       ||     9
       Call Merchant     |       |       |       |       |       |     1 ||     1
Evoke: Wand              |       |       |    11 |     5 |    30 |     3 ||    49
       Phial of floods   |       |       |       |       |     1 |       ||     1
       Condenser vane    |       |       |       |       |     1 |       ||     1
  Use: Scroll            |     1 |     5 |     1 |       |    27 |       ||    34
       Potion            |       |       |     4 |     1 |     9 |     3 ||    17
 Stab: Sleeping          |     4 |     8 |     1 |       |       |       ||    13
       Distracted        |       |     1 |     2 |     6 |    13 |     4 ||    26
       Invisible         |       |       |       |     5 |     2 |       ||     7
       Paralysed         |       |       |       |       |     4 |       ||     4
       Fleeing           |       |       |       |       |     1 |       ||     1
       Petrified         |       |       |       |       |     4 |       ||     4
Armor: Leather armour    |    14 |    55 |    10 |       |       |       ||    79
       Scale mail        |       |       |    45 |    55 |       |       ||   100
       Chain mail        |       |       |       |    24 |    23 |       ||    47
       Skin              |       |       |       |    10 |       |       ||    10
       Plate armour      |       |       |       |       |   589 |   150 ||   739
       Swamp dragon scal |       |       |       |       |       |    68 ||    68
Dodge: Dodged            |    65 |   166 |   136 |   249 |  1037 |   375 ||  2028
Block: Other             |       |    36 |    51 |    41 |   393 |    98 ||   619
       Buckler           |       |       |       |    79 |   114 |       ||   193
